[Event "44th Chess Olympiad Women 2022"]
[Site "Chennai"]
[Date "2022.08.02"]
[Round "5.9"]
[White "Andric, Jelena"]
[Black "Terbe, Julianna"]
[Result "0-1"]
[ECO "D12"]
[WhiteElo "1993"]
[BlackElo "2291"]
[Annotator "NA RC"]
[PlyCount "98"]
[EventDate "2022.07.29"]
[EventType "team-tourn"]
[EventCountry "IND"]
[SourceTitle "playchess.com"]
[Source "ChessBase"]
[SourceQuality "1"]
[WhiteTeam "Sweden"]
[BlackTeam "Hungary"]
[WhiteTeamCountry "SWE"]
[BlackTeamCountry "HUN"]
[TimeControl "40/5400+30:1800+30"]

1. c4 c6 2. d4 d5 3. Nf3 Nf6 4. e3 Bf5 5. Bd3 Bg6 6. Bxg6 hxg6 7. Qd3 e6 8. Nc3 Bb4 9. Bd2 Nbd7 10. Rc1 a5 11. a4 Qe7 12. cxd5 exd5 13. Ng5 Rh5 14. Nh3 g5 15. Kd1 Kf8 16. f3 g4 17. Nf4 Rh8 18. Qf5 g6 19. Qg5 Kg7 20. h4 gxh3 21. gxh3 Nf8 22. h4 Ne6 23. Nxe6+ Qxe6 24. Ne2 Nh5 25. Qe5+ Qxe5 26. dxe5 Rae8 27. f4 f6 28. exf6+ Nxf6 29. Ng3 Ng4 30. Re1 Rxh4 31. Bxb4 axb4 32. Nf1 Rh3 33. Kd2 Kf6 34. a5 Ra8 35. Ra1 Nf2 36. Kc2 Ne4 37. Nd2 Rh2 38. Red1 Kf5 39. Kc1 Nxd2 40. Rxd2 Rh1+ 41. Rd1 Rxd1+ 42. Kxd1 Ke4 43. Ke2 Rh8 44. Kf2 Rh2+ 45. Kg3 Rxb2 46. a6 bxa6 47. Rxa6 Rc2 48. Rb6 Rc4 49. Kg4 Kxe3 0-1

[Event "44th Chess Olympiad Women 2022"]
[Site "Chennai"]
[Date "2022.08.02"]
[Round "5.10"]
[White "Matnadze, Ana"]
[Black "Chirivi C, Jenny Astrid"]
[Result "1/2-1/2"]
[ECO "E11"]
[WhiteElo "2406"]
[BlackElo "2157"]
[Annotator "RC"]
[PlyCount "135"]
[EventDate "2022.07.29"]
[EventType "team-tourn"]
[EventCountry "IND"]
[SourceTitle "playchess.com"]
[Source "ChessBase"]
[SourceQuality "1"]
[WhiteTeam "Spain"]
[BlackTeam "Colombia"]
[WhiteTeamCountry "ESP"]
[BlackTeamCountry "COL"]
[TimeControl "40/5400+30:1800+30"]

1. d4 Nf6 2. Nf3 e6 3. c4 Bb4+ 4. Bd2 Qe7 5. g3 Nc6 6. Bg2 O-O 7. O-O Bxd2 8. Nbxd2 d6 9. e4 e5 10. d5 Nb8 11. b4 a5 12. a3 b6 13. c5 bxc5 14. bxc5 Ba6 15. Re1 dxc5 16. Qa4 Nbd7 17. Qxa5 Rfc8 18. Qc3 c6 19. Nh4 g6 20. a4 Qd6 21. Nf1 cxd5 22. exd5 Rab8 23. Ne3 Rb4 24. a5 Rcb8 25. Qc1 Bd3 26. a6 Rb1 27. a7 Rxc1 28. axb8=Q+ Qxb8 29. Rexc1 h5 30. Nf3 Kg7 31. Ne1 e4 32. Nxd3 exd3 33. Nc4 Qb4 34. Ra2 h4 35. Rb2 Qa4 36. Rd2 Qb3 37. Rb2 Qa4 38. Rd2 Qb3 39. Bf3 h3 40. Bd1 Qb4 41. Kf1 Qb7 42. Rxd3 Qb8 43. Bf3 Qb5 44. Be2 Qb4 45. f3 Qb7 46. Rcd1 Qb8 47. Kf2 Qb4 48. Re3 Kf8 49. d6 Qa4 50. Rd2 Qa1 51. Bf1 Qc1 52. Re1 Qc3 53. Red1 g5 54. Ne3 g4 55. Nxg4 Nxg4+ 56. fxg4 Nf6 57. Re2 Qb3 58. Rdd2 c4 59. Bxh3 c3 60. Rc2 Qb6+ 61. Kg2 Qc6+ 62. Kg1 Qxd6 63. g5 Qd4+ 64. Kg2 Qd5+ 65. Kg1 Qd4+ 66. Kg2 Qd5+ 67. Kg1 Qd4+ 68. Kg2 1/2-1/2

[Event "44th Chess Olympiad Women 2022"]
[Site "Chennai"]
[Date "2022.08.02"]
[Round "5.10"]
[White "Castrillon Gomez, Melissa"]
[Black "Vega Gutierrez, Sabrina"]
[Result "1/2-1/2"]
[ECO "E06"]
[WhiteElo "2230"]
[BlackElo "2366"]
[Annotator "RC"]
[PlyCount "89"]
[EventDate "2022.07.29"]
[EventType "team-tourn"]
[EventCountry "IND"]
[SourceTitle "playchess.com"]
[Source "ChessBase"]
[SourceQuality "1"]
[WhiteTeam "Colombia"]
[BlackTeam "Spain"]
[WhiteTeamCountry "COL"]
[BlackTeamCountry "ESP"]
[TimeControl "40/5400+30:1800+30"]

1. d4 d5 2. c4 e6 3. Nf3 Nf6 4. g3 Be7 5. Bg2 O-O 6. O-O c6 7. Nc3 a5 8. Nd2 b5 9. cxb5 cxb5 10. Nxb5 Qb6 11. Nc3 Qxd4 12. e4 Nc6 13. Nb3 Qxd1 14. Rxd1 a4 15. exd5 Nxd5 16. Nd4 Nxd4 17. Rxd4 Nxc3 18. bxc3 Ra5 19. Rb1 Bc5 20. Rd1 Ba6 21. Bf4 Bc4 22. Rd2 h6 23. Bc7 Ra7 24. Bb8 Ra6 25. Bf1 Bxf1 26. Kxf1 Rc8 27. Be5 f6 28. Bd4 Ra7 29. Bxc5 Rxc5 30. Rd3 Rac7 31. Rb4 Rxc3 32. Rxc3 Rxc3 33. Rxa4 Rc2 34. h4 h5 35. Kg2 Kf7 36. Ra7+ Kg6 37. Kf3 e5 38. a4 Ra2 39. a5 Kf5 40. Rxg7 Rxa5 41. Rh7 e4+ 42. Ke3 Ra3+ 43. Ke2 Ra2+ 44. Ke3 Ra3+ 45. Kd4 1/2-1/2

[Event "44th Chess Olympiad Women 2022"]
[Site "Chennai"]
[Date "2022.08.02"]
[Round "5.10"]
[White "Argote Heredia, Valentina"]
[Black "Garcia Martin, Marta"]
[Result "1/2-1/2"]
[ECO "C88"]
[WhiteElo "2205"]
[BlackElo "2305"]
[Annotator "RC"]
[PlyCount "148"]
[EventDate "2022.07.29"]
[EventType "team-tourn"]
[EventCountry "IND"]
[SourceTitle "playchess.com"]
[Source "ChessBase"]
[SourceQuality "1"]
[WhiteTeam "Colombia"]
[BlackTeam "Spain"]
[WhiteTeamCountry "COL"]
[BlackTeamCountry "ESP"]
[TimeControl "40/5400+30:1800+30"]

1. e4 e5 2. Nf3 Nc6 3. Bb5 a6 4. Ba4 Nf6 5. O-O Be7 6. Re1 b5 7. Bb3 O-O 8. h3 Bb7 9. c3 d5 10. exd5 Nxd5 11. d3 Qd6 12. Nbd2 Rad8 13. Nf1 Kh8 14. Qe2 f6 15. Ng3 Qd7 16. Nh4 f5 17. Qh5 Bxh4 18. Qxh4 Nce7 19. f3 Ng6 20. Qg5 f4 21. Ne4 Rf5 22. Qg4 Nf6 23. Nc5 Qc8 24. Be6 Nxg4 25. Bxc8 Bxc8 26. hxg4 Rf6 27. b3 Rc6 28. Ba3 a5 29. Rad1 Kg8 30. b4 axb4 31. Bxb4 Kf7 32. Kf2 h6 33. Rd2 Rd5 34. Ne4 Ra6 35. Rc1 Rc6 36. Rcd1 Be6 37. Ra1 Ra6 38. Re1 Rd8 39. a3 Bd5 40. Nc5 Raa8 41. Red1 Bc6 42. d4 Rd5 43. dxe5 Rxd2+ 44. Rxd2 Nxe5 45. Nd3 Nxd3+ 46. Rxd3 g5 47. Rd4 Re8 48. Ba5 Ra8 49. Bb4 Re8 50. c4 Re3 51. cxb5 Bxb5 52. Rd8 Re2+ 53. Kg1 Rc2 54. Rf8+ Kg6 55. Rf5 Rc1+ 56. Kh2 Bf1 57. Rc5 Rxc5 58. Bxc5 h5 59. gxh5+ Kxh5 60. g3 fxg3+ 61. Kxg3 Bb5 62. Be7 Kg6 63. f4 gxf4+ 64. Kxf4 Kf7 65. Bc5 Ke6 66. Ke4 Kd7 67. Kd4 Kc6 68. Bf8 Be2 69. Be7 Kb5 70. Bc5 Bf1 71. Bf8 Be2 72. Bc5 Bf1 73. Bf8 Be2 74. Bc5 Bf1 1/2-1/2

[Event "44th Chess Olympiad Women 2022"]
[Site "Chennai"]
[Date "2022.08.02"]
[Round "5.10"]
[White "Eizaguerri Floris, Maria"]
[Black "Rodriguez Rueda, Paula Andrea"]
[Result "1/2-1/2"]
[ECO "B99"]
[WhiteElo "2176"]
[BlackElo "2237"]
[Annotator "NA RC"]
[PlyCount "112"]
[EventDate "2022.07.29"]
[EventType "team-tourn"]
[EventCountry "IND"]
[SourceTitle "playchess.com"]
[Source "ChessBase"]
[SourceQuality "1"]
[WhiteTeam "Spain"]
[BlackTeam "Colombia"]
[WhiteTeamCountry "ESP"]
[BlackTeamCountry "COL"]
[TimeControl "40/5400+30:1800+30"]

1. e4 c5 2. Nf3 d6 3. d4 cxd4 4. Nxd4 Nf6 5. Nc3 a6 6. Bg5 e6 7. f4 Be7 8. Qf3 Qc7 9. O-O-O Nbd7 10. g4 h6 11. Bxf6 Nxf6 12. h4 b5 13. g5 hxg5 14. hxg5 Rxh1 15. Qxh1 Ng8 16. Qh8 Kf8 17. g6 b4 18. Nce2 Bf6 19. Bh3 e5 20. fxe5 dxe5 21. Nf5 fxg6 22. Nd6 Bxh3 23. Qxh3 Rd8 24. Qe6 Qe7 25. Qd5 Nh6 26. c4 bxc3 27. Nxc3 Nf7 28. Qxf7+ Qxf7 29. Nxf7 Rxd1+ 30. Kxd1 Kxf7 31. Nd5 a5 32. Ke2 Bd8 33. b4 axb4 34. Nxb4 Ke6 35. Nd3 Kd6 36. Kd2 Bg5+ 37. Ke2 Bf6 38. Kd2 Kc6 39. Kc3 Kb5 40. Kb3 g5 41. Nf2 Bd8 42. Kc3 Bb6 43. Ng4 Bd4+ 44. Kb3 Kc5 45. a4 Ba1 46. a5 Kb5 47. a6 Kxa6 48. Kc4 Kb6 49. Kd5 Kc7 50. Nxe5 Bxe5 51. Kxe5 g6 52. Kf6 g4 53. e5 g3 54. e6 g2 55. e7 g1=Q 56. e8=Q g5 1/2-1/2

[Event "44th Chess Olympiad Women 2022"]
[Site "Chennai"]
[Date "2022.08.02"]
[Round "5.11"]
[White "Alinasab, Mobina"]
[Black "Salimova, Nurgyul"]
[Result "0-1"]
[ECO "B15"]
[WhiteElo "2364"]
[BlackElo "2416"]
[Annotator "RC"]
[PlyCount "106"]
[EventDate "2022.07.29"]
[EventType "team-tourn"]
[EventCountry "IND"]
[SourceTitle "playchess.com"]
[Source "ChessBase"]
[SourceQuality "1"]
[WhiteTeam "Iran"]
[BlackTeam "Bulgaria"]
[WhiteTeamCountry "IRI"]
[BlackTeamCountry "BUL"]
[TimeControl "40/5400+30:1800+30"]

1. e4 c6 2. d4 d5 3. Nd2 dxe4 4. Nxe4 Nf6 5. Nxf6+ exf6 6. c3 Bd6 7. Bd3 O-O 8. Qc2 Re8+ 9. Ne2 h5 10. O-O h4 11. h3 Nd7 12. Bd2 Nf8 13. Rae1 Bc7 14. f4 Qd6 15. c4 Ne6 16. Kh1 b6 17. d5 cxd5 18. cxd5 Nc5 19. Nc3 Bd7 20. Nb5 Bxb5 21. Bxb5 Rxe1 22. Rxe1 a5 23. Bc6 Rd8 24. a3 a4 25. Be3 g6 26. Kg1 f5 27. Qf2 g5 28. Bxc5 bxc5 29. Rd1 c4 30. Re1 Rb8 31. Qd2 Qc5+ 32. Kf1 Bxf4 33. Qc3 Bh2 34. Qe3 Qxe3 35. Rxe3 Rxb2 36. Rc3 Bg3 37. Rxc4 Rf2+ 38. Kg1 Ra2 39. Kf1 Rxa3 40. Rxa4 Re3 41. Ra1 g4 42. hxg4 fxg4 43. Rd1 Bd6 44. Re1 Rc3 45. Re4 f5 46. Re6 Bg3 47. Ke2 h3 48. gxh3 gxh3 49. d6 Rxc6 50. Rg6+ Kf7 51. Rxg3 h2 52. Rh3 Rc1 53. Rh7+ Ke8 0-1

[Event "44th Chess Olympiad Women 2022"]
[Site "Chennai"]
[Date "2022.08.02"]
[Round "5.11"]
[White "Radeva, Viktoria"]
[Black "Asgharzadeh, Mitra"]
[Result "0-1"]
[ECO "C55"]
[WhiteElo "2289"]
[BlackElo "1988"]
[Annotator "NA RC"]
[PlyCount "68"]
[EventDate "2022.07.29"]
[EventType "team-tourn"]
[EventCountry "IND"]
[SourceTitle "playchess.com"]
[Source "ChessBase"]
[SourceQuality "1"]
[WhiteTeam "Bulgaria"]
[BlackTeam "Iran"]
[WhiteTeamCountry "BUL"]
[BlackTeamCountry "IRI"]
[TimeControl "40/5400+30:1800+30"]

1. e4 e5 2. Bc4 Nf6 3. d3 Nc6 4. Nf3 h6 5. c3 d6 6. a4 a5 7. O-O g5 8. Re1 Bg7 9. d4 g4 10. dxe5 Nd7 11. e6 fxe6 12. Nd4 Nde5 13. Nxe6 Qe7 14. Nxg7+ Qxg7 15. Be2 Be6 16. Be3 h5 17. Nd2 h4 18. Bf1 Ke7 19. b4 Rag8 20. b5 Nd8 21. Bd4 Ndf7 22. Re3 Ng5 23. Qe1 Rf8 24. Kh1 Qf7 25. b6 c6 26. Bxe5 dxe5 27. f3 Qf4 28. fxg4 Bxg4 29. Rd3 Rd8 30. Qc1 Rxd3 31. Bxd3 h3 32. Qa3+ Ke8 33. Rg1 Qxd2 34. Bf1 Nxe4 0-1

[Event "44th Chess Olympiad Women 2022"]
[Site "Chennai"]
[Date "2022.08.02"]
[Round "5.11"]
[White "Krasteva, Beloslava"]
[Black "Mahdian, Anousha"]
[Result "1-0"]
[ECO "D02"]
[WhiteElo "2249"]
[BlackElo "2161"]
[Annotator "RC"]
[PlyCount "129"]
[EventDate "2022.07.29"]
[EventType "team-tourn"]
[EventCountry "IND"]
[SourceTitle "playchess.com"]
[Source "ChessBase"]
[SourceQuality "1"]
[WhiteTeam "Bulgaria"]
[BlackTeam "Iran"]
[WhiteTeamCountry "BUL"]
[BlackTeamCountry "IRI"]
[TimeControl "40/5400+30:1800+30"]

1. d4 d5 2. Nf3 e6 3. Bf4 Bd6 4. e3 Nf6 5. Ne5 O-O 6. Nd2 b6 7. c3 Ba6 8. Bxa6 Nxa6 9. Qe2 Qc8 10. h4 Ne8 11. h5 f6 12. Nef3 c5 13. Bxd6 Nxd6 14. g4 b5 15. g5 Nf5 16. h6 g6 17. gxf6 b4 18. e4 bxc3 19. bxc3 dxe4 20. Nxe4 cxd4 21. Nfg5 Nc5 22. f7+ Rxf7 23. Nxf7 Nxe4 24. Qxe4 Kxf7 25. O-O Qd8 26. cxd4 Qg5+ 27. Qg2 Kf6 28. Rab1 Nxd4 29. Qxg5+ Kxg5 30. Rb7 Kxh6 31. Kg2 Kg5 32. Rxh7 e5 33. Re1 Kf6 34. Rb1 Nf5 35. Rbb7 e4 36. Rxa7 Rc8 37. Rhc7 Rb8 38. Rc6+ Kg5 39. Re6 Rb4 40. a3 Rc4 41. Kh2 Nh4 42. Ra5+ Kg4 43. Rb5 Nf3+ 44. Kg2 Nh4+ 45. Kf1 Rc1+ 46. Ke2 Rc2+ 47. Kd1 Rxf2 48. Rxe4+ Kg3 49. Rg5+ Kh3 50. Rgg4 Nf5 51. Rxg6 Rf3 52. a4 Ra3 53. Kc2 Rf3 54. a5 Ra3 55. a6 Ra5 56. Re8 Rc5+ 57. Kd3 Ra5 58. Rh8+ Nh4 59. Kc4 Ra1 60. Kb5 Rb1+ 61. Kc6 Ra1 62. Kb7 Rb1+ 63. Ka7 Ra1 64. Rgh6 Ra4 65. Rxh4+ 1-0

[Event "44th Chess Olympiad Women 2022"]
[Site "Chennai"]
[Date "2022.08.02"]
[Round "5.11"]
[White "Zahedifar, Anahita"]
[Black "Antova, Gabriela"]
[Result "0-1"]
[ECO "D36"]
[WhiteElo "2160"]
[BlackElo "2275"]
[Annotator "RC"]
[PlyCount "147"]
[EventDate "2022.07.29"]
[EventType "team-tourn"]
[EventCountry "IND"]
[SourceTitle "playchess.com"]
[Source "ChessBase"]
[SourceQuality "1"]
[WhiteTeam "Iran"]
[BlackTeam "Bulgaria"]
[WhiteTeamCountry "IRI"]
[BlackTeamCountry "BUL"]
[TimeControl "40/5400+30:1800+30"]

1. d4 d5 2. c4 e6 3. Nc3 Nf6 4. cxd5 exd5 5. Bg5 c6 6. e3 Be7 7. Qc2 Nbd7 8. Bd3 Nh5 9. Bxe7 Qxe7 10. O-O-O Nb6 11. h3 g6 12. Nf3 Bd7 13. Ne5 O-O-O 14. Na4 Nxa4 15. Qxa4 Kb8 16. Kb1 Ng7 17. Rc1 f6 18. Nxd7+ Qxd7 19. Rc3 Ne8 20. Ra3 b5 21. Qa6 Nd6 22. Rc1 Nc4 23. Rac3 Qb7 24. Qxb7+ Kxb7 25. Ka1 Rd6 26. a4 a6 27. b3 b4 28. R3c2 Na5 29. Kb2 Kb6 30. h4 g5 31. Rh1 h6 32. hxg5 fxg5 33. g4 Rf6 34. Bf5 Re8 35. Rh3 Nb7 36. f4 gxf4 37. exf4 Re1 38. Bd7 Na5 39. f5 Rd1 40. Rch2 Rxd4 41. Rxh6 Rxh6 42. Rxh6 Rxg4 43. f6 Rg2+ 44. Kb1 Rf2 45. Be8 Nxb3 46. f7 Nd4 47. Rh8 Ne6 48. Bd7 Rxf7 49. Bxe6 Rf6 50. Bc8 Ka5 51. Kc2 Kxa4 52. Bxa6 Rf2+ 53. Kd3 b3 54. Kd4 Rc2 55. Bd3 Rc1 56. Rb8 Ka3 57. Rb6 Kb2 58. Ba6 Rd1+ 59. Kc5 Kc3 60. Be2 Re1 61. Bg4 b2 62. Bf5 Re5 63. Bb1 Re1 64. Bf5 Rf1 65. Bg6 Rf6 66. Bb1 d4 67. Bh7 Rh6 68. Bb1 Rh5+ 69. Kd6 c5 70. Rb8 c4 71. Rb7 Rh1 72. Ba2 Ra1 73. Bxc4 b1=Q 74. Ke5 0-1

[Event "44th Chess Olympiad Women 2022"]
[Site "Chennai"]
[Date "2022.08.02"]
[Round "5.12"]
[White "Karavade, Eesha"]
[Black "Alboredo, Julia"]
[Result "1/2-1/2"]
[ECO "E63"]
[WhiteElo "2339"]
[BlackElo "2264"]
[Annotator "RC"]
[PlyCount "60"]
[EventDate "2022.07.29"]
[EventType "team-tourn"]
[EventCountry "IND"]
[SourceTitle "playchess.com"]
[Source "ChessBase"]
[SourceQuality "1"]
[WhiteTeam "India"]
[BlackTeam "Brazil"]
[WhiteTeamCountry "IND"]
[BlackTeamCountry "BRA"]
[TimeControl "40/5400+30:1800+30"]

1. d4 Nf6 2. c4 g6 3. g3 Bg7 4. Bg2 O-O 5. Nc3 d6 6. Nf3 Nc6 7. O-O a6 8. b3 Rb8 9. d5 Na5 10. Bg5 c5 11. dxc6 Nxc6 12. Qd2 Qa5 13. Rac1 Be6 14. Rfd1 Rfd8 15. Bxf6 Bxf6 16. Nd5 Qxd2 17. Nxf6+ exf6 18. Nxd2 d5 19. cxd5 Bxd5 20. Bxd5 Rxd5 21. Ne4 Rxd1+ 22. Rxd1 f5 23. Nc5 Rd8 24. Rxd8+ Nxd8 25. f4 Kf8 26. e4 fxe4 27. Nxe4 Ke7 28. Kf2 f5 29. Ng5 h6 30. Nf3 Nc6 1/2-1/2

[Event "44th Chess Olympiad Women 2022"]
[Site "Chennai"]
[Date "2022.08.02"]
[Round "5.12"]
[White "Pratyusha, Bodda"]
[Black "Terao, Juliana Sayumi"]
[Result "0-1"]
[ECO "D00"]
[WhiteElo "2310"]
[BlackElo "2223"]
[Annotator "RC"]
[PlyCount "118"]
[EventDate "2022.07.29"]
[EventType "team-tourn"]
[EventCountry "IND"]
[SourceTitle "playchess.com"]
[Source "ChessBase"]
[SourceQuality "1"]
[WhiteTeam "India"]
[BlackTeam "Brazil"]
[WhiteTeamCountry "IND"]
[BlackTeamCountry "BRA"]
[TimeControl "40/5400+30:1800+30"]

1. d4 d5 2. Bf4 Nf6 3. e3 c5 4. c3 Nc6 5. Nd2 Bf5 6. Ngf3 e6 7. Bb5 Qb6 8. Qa4 Nd7 9. O-O Be7 10. Ne5 Ndxe5 11. Bxe5 O-O 12. Bg3 Rac8 13. dxc5 Bxc5 14. Bxc6 bxc6 15. b3 Be7 16. Bh4 f6 17. e4 dxe4 18. Nxe4 Qb5 19. Qd4 Qd5 20. f3 c5 21. Qe3 Rfd8 22. Bf2 a5 23. c4 Qc6 24. Rfd1 Re8 25. Nc3 Bf8 26. Na4 Qc7 27. Rd2 Bd6 28. Bg3 e5 29. Nc3 Bf8 30. Rad1 Be6 31. Bf2 Qf7 32. Na4 g5 33. Nb6 Rc6 34. Nd5 Ra6 35. h4 g4 36. fxg4 Bxg4 37. Rf1 f5 38. Qc3 f4 39. a4 e4 40. Qc1 Rg6 41. Qc3 Bf3 42. Be1 Bg7 43. Qxa5 e3 44. Rxf3 exd2 45. Qxd2 Rg4 46. Bf2 Be5 47. a5 Qg7 48. Bxc5 Rxh4 49. Nxf4 Kh8 50. Nh3 Rg4 51. Rf2 Rg8 52. a6 Rg3 53. Kf1 Rxb3 54. Qd5 Rb1+ 55. Ke2 Qg4+ 56. Rf3 Qxg2+ 57. Nf2 Qf1+ 58. Kd2 Rb2+ 59. Ke3 Qe2# 0-1

[Event "44th Chess Olympiad Women 2022"]
[Site "Chennai"]
[Date "2022.08.02"]
[Round "5.12"]
[White "Librelato, Kathie Goulart"]
[Black "Nandhidhaa, P V"]
[Result "0-1"]
[ECO "B68"]
[WhiteElo "2255"]
[BlackElo "2312"]
[Annotator "RC"]
[PlyCount "66"]
[EventDate "2022.07.29"]
[EventType "team-tourn"]
[EventCountry "IND"]
[SourceTitle "playchess.com"]
[Source "ChessBase"]
[SourceQuality "1"]
[WhiteTeam "Brazil"]
[BlackTeam "India"]
[WhiteTeamCountry "BRA"]
[BlackTeamCountry "IND"]
[TimeControl "40/5400+30:1800+30"]

1. e4 c5 2. Nf3 Nc6 3. d4 cxd4 4. Nxd4 Nf6 5. Nc3 d6 6. Bg5 e6 7. Qd2 Be7 8. O-O-O a6 9. f4 Bd7 10. Nf3 b5 11. a3 h6 12. Bh4 b4 13. axb4 Nxb4 14. Kb1 Bc6 15. Bc4 Qb6 16. Rhe1 Rb8 17. e5 dxe5 18. Nxe5 O-O 19. f5 Rfd8 20. Nd3 Qd4 21. Bg3 Qxc4 22. Bxb8 Rxb8 23. Ne5 Qc5 24. fxe6 fxe6 25. Nxc6 Qxc6 26. Qf4 Rb7 27. Qe5 Nfd5 28. Qxe6+ Qxe6 29. Rxe6 Nxc3+ 30. bxc3 Nd5+ 31. Ka1 Nxc3 32. Rxe7 Rxe7 33. Rd6 Rb7 0-1

[Event "44th Chess Olympiad Women 2022"]
[Site "Chennai"]
[Date "2022.08.02"]
[Round "5.12"]
[White "Gazola, Vanessa Ramos"]
[Black "Vishwa Vasnawala"]
[Result "1/2-1/2"]
[ECO "D26"]
[WhiteElo "2000"]
[BlackElo "2305"]
[Annotator "RC"]
[PlyCount "64"]
[EventDate "2022.07.29"]
[EventType "team-tourn"]
[EventCountry "IND"]
[SourceTitle "playchess.com"]
[Source "ChessBase"]
[SourceQuality "1"]
[WhiteTeam "Brazil"]
[BlackTeam "India"]
[WhiteTeamCountry "BRA"]
[BlackTeamCountry "IND"]
[TimeControl "40/5400+30:1800+30"]

1. d4 d5 2. c4 dxc4 3. e3 Nf6 4. Bxc4 e6 5. Nf3 c5 6. O-O Nc6 7. a3 a6 8. Re1 b5 9. Be2 Bb7 10. dxc5 Bxc5 11. Qxd8+ Rxd8 12. b4 Bb6 13. Bb2 Ke7 14. Nbd2 Ne8 15. Rac1 f6 16. Nb3 Nd6 17. Nc5 Bxc5 18. Rxc5 e5 19. Rec1 Nb8 20. Nd2 Nd7 21. Rc7 Rc8 22. Rxc8 Rxc8 23. Rxc8 Bxc8 24. e4 Nb6 25. f3 Be6 26. Kf2 Ndc4 27. Nxc4 Bxc4 28. Bxc4 bxc4 29. Ke2 Kd6 30. Kd2 Kc6 31. Bc1 Kb5 32. Kc3 Na4+ 1/2-1/2

[Event "44th Chess Olympiad Women 2022"]
[Site "Chennai"]
[Date "2022.08.02"]
[Round "5.13"]
[White "Peng, Zhaoqin"]
[Black "Fronda, Jan Jodilyn"]
[Result "1-0"]
[ECO "D45"]
[WhiteElo "2349"]
[BlackElo "2181"]
[Annotator "RC"]
[PlyCount "83"]
[EventDate "2022.07.29"]
[EventType "team-tourn"]
[EventCountry "IND"]
[SourceTitle "playchess.com"]
[Source "ChessBase"]
[SourceQuality "1"]
[WhiteTeam "Netherlands"]
[BlackTeam "Philippines"]
[WhiteTeamCountry "NED"]
[BlackTeamCountry "PHI"]
[TimeControl "40/5400+30:1800+30"]

1. Nf3 d5 2. e3 c6 3. c4 e6 4. b3 Nf6 5. Bb2 Nbd7 6. Be2 Bd6 7. d4 Qe7 8. Nc3 O-O 9. Qc2 b6 10. O-O Bb7 11. Rad1 Rac8 12. Bd3 e5 13. dxe5 Nxe5 14. Nxe5 Qxe5 15. g3 Qh5 16. Be2 Qh3 17. Rd4 Be5 18. Rh4 Qe6 19. Bg4 Qe7 20. Bxc8 Rxc8 21. Rd1 Qe6 22. c5 Re8 23. Na4 b5 24. Nc3 g5 25. Rh6 Kg7 26. Rxf6 Bxf6 27. Ne2 Bxb2 28. Qxb2+ f6 29. Nd4 Qe4 30. Qb1 Qg4 31. f3 Qh3 32. Nf5+ Kf8 33. Qd3 Bc8 34. Nd6 Re7 35. Qd4 Kg7 36. e4 Be6 37. Re1 Bf7 38. e5 f5 39. e6+ Kg6 40. Nxf7 f4 41. Qe5 fxg3 42. Qxg5# 1-0

[Event "44th Chess Olympiad Women 2022"]
[Site "Chennai"]
[Date "2022.08.02"]
[Round "5.13"]
[White "Ratsma, Rosa"]
[Black "Mordido, Kylen Joy"]
[Result "1/2-1/2"]
[ECO "B42"]
[WhiteElo "2226"]
[BlackElo "2023"]
[Annotator "NA RC"]
[PlyCount "92"]
[EventDate "2022.07.29"]
[EventType "team-tourn"]
[EventCountry "IND"]
[SourceTitle "playchess.com"]
[Source "ChessBase"]
[SourceQuality "1"]
[WhiteTeam "Netherlands"]
[BlackTeam "Philippines"]
[WhiteTeamCountry "NED"]
[BlackTeamCountry "PHI"]
[TimeControl "40/5400+30:1800+30"]

1. e4 c5 2. Nf3 e6 3. d4 cxd4 4. Nxd4 a6 5. Bd3 Qc7 6. O-O Nf6 7. Qe2 d6 8. c4 g6 9. Nc3 Bg7 10. Rd1 O-O 11. h3 b6 12. Be3 Nbd7 13. Rac1 Bb7 14. b4 Rac8 15. f4 Qb8 16. Bf2 Bh6 17. Be3 Qa8 18. Qf3 Rfe8 19. Nb3 d5 20. cxd5 exd5 21. Nxd5 Nxd5 22. exd5 Rxc1 23. Bxc1 Bxd5 24. Qf1 b5 25. Qf2 Bf8 26. Bb2 f6 27. Qg3 Re7 28. Bd4 Qb8 29. h4 Bh6 30. Rf1 Qd6 31. Qf2 f5 32. Nc5 Bg7 33. Bxg7 Rxg7 34. Qd4 Nxc5 35. bxc5 Qc6 36. Re1 Rc7 37. Kh2 Bf7 38. Re5 Bxa2 39. Qd8+ Kg7 40. h5 Qd7 41. h6+ Kxh6 42. Qf8+ Qg7 43. Qd8 Qd7 44. Qf8+ Qg7 45. Qd8 Qd7 46. Qf8+ Qg7 1/2-1/2

[Event "44th Chess Olympiad Women 2022"]
[Site "Chennai"]
[Date "2022.08.02"]
[Round "5.13"]
[White "Frayna, Janelle Mae"]
[Black "Roebers, Eline"]
[Result "0-1"]
[ECO "E63"]
[WhiteElo "2224"]
[BlackElo "2344"]
[Annotator "RC"]
[PlyCount "140"]
[EventDate "2022.07.29"]
[EventType "team-tourn"]
[EventCountry "IND"]
[SourceTitle "playchess.com"]
[Source "ChessBase"]
[SourceQuality "1"]
[WhiteTeam "Philippines"]
[BlackTeam "Netherlands"]
[WhiteTeamCountry "PHI"]
[BlackTeamCountry "NED"]
[TimeControl "40/5400+30:1800+30"]

1. Nf3 Nf6 2. c4 g6 3. g3 Bg7 4. Bg2 O-O 5. O-O d6 6. d4 Nc6 7. Nc3 a6 8. b3 Rb8 9. d5 Na5 10. Bg5 b5 11. cxb5 axb5 12. b4 c5 13. bxa5 Qxa5 14. Rc1 b4 15. Bxf6 Bxf6 16. Ne4 Bg7 17. Qb3 Bd7 18. Ned2 Ra8 19. Ra1 Qa3 20. Rab1 Qxa2 21. Rfc1 Qxb3 22. Rxb3 Ra2 23. e3 Ba4 24. Rbb1 Bc2 25. Bf1 Bxb1 26. Rxb1 Rfa8 27. Bc4 Ra1 28. Kf1 Rxb1+ 29. Nxb1 Ra1 30. Nfd2 Bc3 31. Ke2 Bxd2 32. Nxd2 Rc1 33. h4 Kf8 34. e4 Ke8 35. Bb5+ Kd8 36. Bd3 Kc7 37. Nc4 Ra1 38. Nd2 Ra2 39. Bc4 Rc2 40. Bd3 Ra2 41. Bc4 Ra1 42. Bd3 f6 43. Nc4 h5 44. f4 Ra8 45. Ke3 Rg8 46. Bc2 Kd8 47. Ba4 g5 48. fxg5 fxg5 49. hxg5 Rxg5 50. Kf4 Rg4+ 51. Kf3 Rg8 52. Kf4 Rf8+ 53. Ke3 Rf1 54. Bc2 Rg1 55. Kf2 Rc1 56. Bd3 Ke8 57. e5 dxe5 58. Nxe5 Kf8 59. Ke2 Kg7 60. Nc4 Kf6 61. Ke3 Kg5 62. Nd2 Kf6 63. Nc4 Rh1 64. Kf4 h4 65. gxh4 Rxh4+ 66. Ke3 Rd4 67. Nb6 Ke5 68. Bc4 Rh4 69. Be2 b3 70. Kd2 b2 0-1

[Event "44th Chess Olympiad Women 2022"]
[Site "Chennai"]
[Date "2022.08.02"]
[Round "5.13"]
[White "San Diego, Marie Antoinette"]
[Black "Van Foreest, Machteld"]
[Result "1-0"]
[ECO "D43"]
[WhiteElo "2101"]
[BlackElo "2299"]
[Annotator "NA RC"]
[PlyCount "81"]
[EventDate "2022.07.29"]
[EventType "team-tourn"]
[EventCountry "IND"]
[SourceTitle "playchess.com"]
[Source "ChessBase"]
[SourceQuality "1"]
[WhiteTeam "Philippines"]
[BlackTeam "Netherlands"]
[WhiteTeamCountry "PHI"]
[BlackTeamCountry "NED"]
[TimeControl "40/5400+30:1800+30"]

1. d4 d5 2. Nf3 Nf6 3. c4 c6 4. Nc3 e6 5. Bg5 h6 6. Bxf6 Qxf6 7. e4 dxe4 8. Nxe4 Bb4+ 9. Nc3 O-O 10. Be2 Nd7 11. O-O Qe7 12. Qc2 Nf6 13. Rad1 Rd8 14. Ne5 Bd7 15. Ne4 Be8 16. Nxf6+ Qxf6 17. c5 Ba5 18. f4 Bc7 19. Qe4 Qf5 20. Qe3 b6 21. b4 a5 22. g4 Qh7 23. Bd3 g6 24. f5 Qg7 25. fxe6 fxe6 26. Bc4 Bxe5 27. Bxe6+ Kh7 28. dxe5 bxc5 29. bxc5 Rxd1 30. Rxd1 Qe7 31. Bc4 a4 32. h3 Ra5 33. Rd6 Qb7 34. Rd8 Qe7 35. Rd6 Qb7 36. Bd3 Qb4 37. Rd8 Rxc5 38. Rxe8 Rc3 39. Re6 Qa5 40. Rxg6 Rxd3 41. Qxh6# 1-0